cohdb
Replays
Latest Replays
All Replays
Popular Replays
Top Player Replays
Match Explorer
How It Works
Community
CoH3 Stats
Reddit
Sign in to upload your games and track your stats! →
Sign in with Steam
Match 43353727
Unlisted
Match 43353727
Overview
Messages
Build Orders
End
Kradschützen Motorcycle Team
Panzergrenadier Squad
Panzergrenadier Squad
Panzergrenadier Squad
Construct Light Support Kompanie
Fire Support Elements
Flakvierling Half-track
Panzerjäger Mechanized Group
Selects Armored Support Battlegroup
Selects Armored Support Battlegroup
Selects Salvage Kits
MG34 Team
Veteran Squad Leaders
Construct Panzerarmee Kommand
Panzer III L Medium Tank
Emergency Repair Kits
Selects Superior Fire Drills
Selects Flammpanzer III Medium Tank
Panzer III L Medium Tank
Vehicle Survival Package
Panzer III L Medium Tank
Selects Command Panzer IV F Medium Tank
Rapid Advance
Flammpanzer III Medium Tank
StephennJF
Shinshigumi
0
0
Comments
sign in to comment!
No comments posted yet!